 Dungeon Crawl Stone Soup version 0.24.1-14-gf8d2b509d9 (webtiles) character file.

Game seed: 3942064449249466142, levelgen mode: deterministic

821 KlarStein the Slasher (level 7, -5/55 HPs)
             Began as a Demonspawn Fighter on Nov 28, 2020.
             Was a Follower of Okawaru.
             Slain by Pikel
             ... wielding a +2 whip of electrocution
              (10 damage)
             ... on level 4 of the Dungeon.
             The game lasted 00:16:35 (3533 turns).

KlarStein the Slasher (Demonspawn Fighter)          Turns: 3533, Time: 00:16:36

Health: -5/55      AC: 10    Str: 17    XL:     7   Next: 63%
Magic:  7/7        EV:  8    Int:  9    God:    Okawaru [*.....]
Gold:   282        SH: 10    Dex: 14    Spells: 6/6 levels left

rFire    . . .     SeeInvis .   k - +3 dagger (vamp)
rCold    . . .     Gourm    .   c - +1 shield
rNeg     . . .     Faith    .   E - +1 ring mail {rPois}
rPois    +         Spirit   .   (no helmet)
rElec    .         Reflect  .   (no cloak)
rCorr    .         Harm     .   s - +0 pair of gloves
MR       .....                  (boots unavailable)
Stlth    +.........             (no amulet)
HPRegen  0.18/turn              (no ring)
MPRegen  0.10/turn              (no ring)

@: no status effects
A: talons 3, molten scales 1, powered by death 1
a: Heroism, Renounce Religion


You were on level 4 of the Dungeon.
You worshipped Okawaru.
Okawaru was aware of your devotion.
You were hungry.

You visited 1 branch of the dungeon, and saw 5 of its levels.
You also visited: Sewer.

You collected 282 gold pieces.

Inventory:

Hand Weapons
 a - a +0 long sword
 k - a +3 vampiric dagger (weapon)
 x - a +2 hand crossbow of flaming
 B - a +1 short sword of speed
 D - a +6 flail of crushing
Missiles
 v - 16 poisoned darts (quivered)
 y - 15 bolts
Armour
 c - a +1 shield (worn)
 s - a +0 pair of gloves (worn)
 E - a +1 ring mail of poison resistance (worn)
Wands
 i - a wand of random effects (13)
 o - a wand of digging (4)
Scrolls
 e - a scroll of enchant armour
 g - a scroll of teleportation
 h - a scroll of amnesia
 q - 6 scrolls of remove curse
 r - a scroll of identify
 w - 3 scrolls of fog
 z - 2 scrolls of blinking
 C - a scroll of enchant weapon {unknown}
Potions
 j - 3 potions of curing {unknown}
 l - 2 potions of heal wounds {unknown}
 m - a potion of mutation {unknown}
 n - a potion of lignification {unknown}
 p - a potion of flight {unknown}
 t - a potion of invisibility {unknown}
 u - a potion of haste
 A - a potion of agility {unknown}
Comestibles
 d - a chunk of flesh
 f - 9 rations


   Skills:
 + Level 4.9 Fighting
 * Level 5.1 Long Blades
 + Level 4.3 Armour
 + Level 4.3 Shields
 + Level 1.2 Invocations


You had 6 spell levels left.
You didn't know any spells.
Your spell library contained the following spells:

 Spells                   Type           Power        Failure   Level  Hunger
 Confusing Touch          Hex            #.....       96%         1    ##.....
 Confuse                  Hex            #.......     100%        3    ####...
 Gell's Gravitas          Tloc           #.........   100%        3    ####...
 Petrify                  Tmut/Erth      #.......     100%        4    #####..
 Metabolic Englaciation   Hex/Ice        #.........   100%        5    ######.
 Yara's Violent Unravell  Hex/Tmut       #.........   100%        5    ######.


Dungeon Overview and Level Annotations

Branches:
Dungeon (5/15)              Sewer (visited)
 Temple: D:4-7

Altars:
Ashenzari
Gozag
Nemelex Xobeh
Okawaru
Ru
Sif Muna
Trog
Vehumet
Yredelemnul
Zin

Annotations:
D:4 Pikel


Innate Abilities, Weirdness & Mutations

You have claws for feet.
You are partially covered in molten scales. (AC +2)
You regenerate a little health from kills.


Message History

The slave closely misses you.
Pikel hits you with a +2 whip of electrocution.
You are electrocuted!
* * * LOW HITPOINT WARNING * * *
The orc hits you but does no damage.
You hit Pikel.
Pikel is lightly wounded.
The slave hits you but does no damage. Pikel hits you but does no damage.
You block the orc's attack.
You are feeling hungry.
You hit Pikel but do no damage. You claw Pikel, but do no damage.
Pikel is lightly wounded.
The slave hits you but does no damage. You block Pikel's attack.
You hit Pikel.
Pikel is lightly wounded.
You block the orc's attack. The slave hits you but does no damage.
Pikel hits you with a +2 whip of electrocution.
* * * LOW HITPOINT WARNING * * *
You are electrocuted!
You die...

....# #........##..#......## #
....# #..........###.......## #
....####.........## #........# #
.................# #........##
.....##..........# #....##...##
.....####........# ##...###...##
.....# #........# #..## ##...#
.....# #......K.# #..# ##...
.....# ##.....p@# #### ##..
≈≈##.# #.....o## ##. ≈≈##.#
##.....# ## ..≈≈.#####..#.### #
..≈≈....##..### ..≈≈.......##
############ ..≈≈.......#
#........... ..≈≈.......######
##...........
≈≈##.....#[.....#####...<........


You could see Pikel, a slave and an orc.

Vanquished Creatures
  Eustachio (D:4)
  Edmund (D:5)
  A crimson imp (D:5)
  An orc priest (D:3)
  An orc wizard (D:3)
  Ijyb (D:4)
  Terence (D:3)
  Natasha (thrice) (D:4)
  5 worker ants
  A gnoll (D:1)
  7 adders
  3 oozes
  An adder zombie (D:2)
  An adder skeleton (D:4)
  2 worms
  2 dart slugs
  7 leopard geckos
  9 orcs
  5 giant cockroaches
  6 goblins
  11 hobgoblins
  15 jackals
  13 kobolds
  8 ball pythons
  5 bats
  13 frilled lizards
  11 rats
135 creatures vanquished.

Notes
Turn   | Place    | Note
-------+----------+-------------------------------------------
     0 | D:1      | KlarStein the Demonspawn Fighter began the quest for the
                  | Orb.
     0 | D:1      | Reached XP level 1. HP: 18/18 MP: 1/1
    48 | D:1      | Reached skill level 2 in Long Blades
    59 | D:1      | Gained mutation: You have sharp toenails. [demonic
                  | ancestry]
    59 | D:1      | Reached XP level 2. HP: 24/24 MP: 2/2
   244 | D:1      | Gained mutation: You regenerate a little health from kills.
                  | [demonic ancestry]
   244 | D:1      | Reached XP level 3. HP: 24/29 MP: 3/3
   704 | D:2      | Reached XP level 4. HP: 28/35 MP: 4/4
   784 | D:2      | Found a glowing silver altar of Zin.
   825 | D:2      | Reached skill level 3 in Long Blades
  1080 | D:4      | Found a glowing drain.
  1091 | Sewer    | Entered a sewer
  1329 | Sewer    | Gained mutation: You are partially covered in molten
                  | scales. (AC +2) [demonic ancestry]
  1329 | Sewer    | Reached XP level 5. HP: 42/42 MP: 5/5
  1641 | D:4      | Noticed Eustachio
  1648 | D:4      | Killed Eustachio
  1648 | D:4      | Gained mutation: You have razor-sharp toenails. [demonic
                  | ancestry]
  1648 | D:4      | Reached XP level 6. HP: 45/48 MP: 6/6
  1984 | D:4      | Noticed Ijyb
  1985 | D:4      | Noticed Natasha
  1995 | D:4      | Killed Natasha
  1995 | D:4      | Reached skill level 4 in Long Blades
  1997 | D:4      | Noticed Natasha
  2001 | D:4      | Killed Ijyb
  2005 | D:4      | Killed Natasha
  2071 | D:4      | Found a bloodstained altar of Trog.
  2207 | D:4      | Found a shimmering blue altar of Sif Muna.
  2212 | D:4      | Found a basalt altar of Yredelemnul.
  2217 | D:4      | Found an iron altar of Okawaru.
  2217 | D:4      | Found a radiant altar of Vehumet.
  2219 | D:4      | Found an opulent altar of Gozag.
  2220 | D:4      | Found a sparkling altar of Nemelex Xobeh.
  2225 | D:4      | Became a worshipper of Warmaster Okawaru
  2344 | D:4      | Noticed Natasha
  2349 | D:4      | Killed Natasha
  2365 | D:5      | Entered Level 5 of the Dungeon
  2365 | D:5      | Found a radiant altar of Vehumet.
  2368 | D:5      | Noticed Edmund
  2412 | D:3      | Noticed Terence
  2419 | D:3      | Killed Terence
  2457 | D:3      | Found a sacrificial altar of Ru.
  2588 | D:3      | Gained mutation: You have claws for feet. [demonic
                  | ancestry]
  2588 | D:3      | Reached XP level 7. HP: 39/55 MP: 7/7
  3328 | D:5      | Found a shattered altar of Ashenzari.
  3349 | D:5      | Killed Edmund
  3349 | D:5      | Reached * piety under Okawaru
  3349 | D:5      | Reached skill level 5 in Long Blades
  3349 | D:5      | Reached skill level 1 in Invocations
  3523 | D:5      | Noticed Pikel
  3533 | D:4      | Slain by Pikel

Levels and vault maps discovered:
D:1:      tarquinn_simple_flora_water_d, layout_rooms
D:2:      layout_rooms, lemuel_coloured_pillars_altar, grunt_ministairs_14
D:3:      minmay_chambers_of_threes, layout_basic, minmay_misc_feat_hallway,
          nicolae_ru_great_annihilating_truth, uniq_terence
D:4:      layout_cave_pods, lemuel_round_altar, grunt_temple_overflow_open,
          cheibrodos_sewer_entry_sluice, first_ration, uniq_eustachio,
          uniq_ijyb, uniq_natasha
D:5:      layout_gridville, old_standard_altar, basic_altar, uniq_pikel,
          uniq_edmund

Skill      XL: |  1  2  3  4  5  6  7 |
---------------+----------------------+-----
Long Blades    | 2 3 4 5 |  5.1
Armour         | 3 4 |  4.3
Shields        | 3 4 |  4.3
Fighting       | 4 |  4.9
Invocations    | 1 |  1.2

Action                   |  1- 3 |  4- 6 |  7- 9 || total
-------------------------+-------+-------+-------++-------
Melee: Long sword        |    77 |   178 |    21 ||   276
       Kick              |    18 |    53 |    30 ||   101
       Dagger            |       |       |    61 ||    61
       Short sword       |       |       |    31 ||    31
  Use: Potion            |       |     2 |     1 ||     3
       Scroll            |       |     9 |       ||     9
 Stab: Invisible         |       |     1 |       ||     1
       Paralysed         |       |     1 |       ||     1
  Eat: Chunk             |       |     6 |     3 ||     9
Armor: Scale mail        |    37 |    65 |    46 ||   148
       Ring mail         |       |       |     9 ||     9
Dodge: Dodged            |    10 |    58 |    27 ||    95
Block: Shield            |    24 |    85 |    57 ||   166
       Rpst.: Long sword |     2 |    17 |     3 ||    22
